 Dungeon Crawl Stone Soup version 0.19.4-9-g45fd643 (webtiles) character file.

118 Kosschaser the Shooter (level 4, 0/29 HPs)
             Began as a High Elf Arcane Marksman on Feb 16, 2017.
             Slain by Xiguana's ghost (9 damage)
             ... on level 4 of the Dungeon.
             The game lasted 00:14:22 (2456 turns).

Kosschaser the Shooter (High Elf Arcane Marksman)   Turns: 2456, Time: 00:14:23

Health: 0/29       AC:  3    Str: 10    XL:     4   Next: 72%
Magic:  1/7        EV: 13    Int: 17    God:
Gold:   127        SH:  0    Dex: 19    Spells: 2 memorised, 2 levels left

rFire  . . .     SeeInvis .     a - +0 shortbow
rCold  . . .     Gourm    .     e - +1 robe
rNeg   . . .     Faith    +     (shield currently unavailable)
rPois  .         Spirit   .     (no helmet)
rElec  .         Reflect  .     (no cloak)
rCorr  .         Harm     .     (no gloves)
MR     .....                    (no boots)
Stlth  ++........               q - amulet of faith
                                (no ring)
                                r - +4 ring of dexterity

@: no status effects
A: no striking features
a: no special abilities


You were on level 4 of the Dungeon.
You were near starving.

You visited 1 branch of the dungeon, and saw 4 of its levels.

You collected 127 gold pieces.

Inventory:

Hand Weapons
 a - a +0 shortbow (weapon)
Missiles
 d - 4 arrows (quivered)
Armour
 e - a +1 robe (worn)
Jewellery
 q - an amulet of faith (around neck)
 r - a +4 ring of dexterity (left hand)
Wands
 n - a wand of flame (48/48)
 u - a wand of paralysis (15/24)
Scrolls
 i - a scroll of fog {unknown}
 s - a scroll of enchant weapon {unknown}
Potions
 b - a potion of agility {unknown}
 g - a potion of curing {unknown}
 h - a potion of magic {unknown}
 l - a potion of heal wounds {unknown}
 m - 2 potions of berserk rage
 o - 2 potions of might
 p - a potion of degeneration {unknown}
Books
 c - a book of Debilitation

   Spells                             Type                      Level
   a - Corona                         Hexes                        1
   b - Slow                           Hexes                        2
   c - Gell's Gravitas                Hexes/Translocation          3
   d - Inner Flame                    Hexes/Fire                   3
   e - Cause Fear                     Hexes                        4
   f - Leda's Liquefaction            Hexes/Earth                  4
Comestibles
 f - 3 bread rations
 j - 2 meat rations
 t - 4 fruits


   Skills:
 + Level 2.1 Fighting
 + Level 4.9 Bows
 + Level 2.7 Dodging
 + Level 0.5 Stealth
 + Level 1.4 Spellcasting
 + Level 3.4 Hexes


You had 2 spell levels left.
You knew the following spells:

 Your Spells              Type           Power        Failure   Level  Hunger
a - Corona                Hex            ##.....      6%          1    ##.....
b - Slow                  Hex            ##......     10%         2    ###....


Dungeon Overview and Level Annotations

Branches:
Dungeon (4/15)
 Temple: D:4-7

Altars:

Annotations:
D:2 Terence
D:4 Xiguana's ghost, amateur DrCK


Message History

Firing (i - inventory):
d - 7 arrows (quivered)
Press: ? - help, Shift-Dir - straight line, f/p - Xiguana's ghost
Aim: Xiguana's ghost You shoot an arrow.
The arrow closely misses Xiguana's ghost.
Xiguana's ghost hits you.
Firing (i - inventory):
d - 6 arrows (quivered)
Press: ? - help, Shift-Dir - straight line, f/p - Xiguana's ghost
Aim: Xiguana's ghost You shoot an arrow.
The arrow closely misses Xiguana's ghost.
You are near starving!
Xiguana's ghost hits you!
Firing (i - inventory):
d - 5 arrows (quivered)
Press: ? - help, Shift-Dir - straight line, f/p - Xiguana's ghost
Aim: Xiguana's ghost You shoot an arrow.
The arrow hits Xiguana's ghost.
Xiguana's ghost is lightly damaged.
Xiguana's ghost hits you!
You die...

######## ....#.#.#
####...#.#.#
........#.#
#######........###
#..@.##...........
#.##W##.......######
#.##.##.......#.....
#.##......#......#
#.#######.#(.....#
#.....).#.#####W.#
#######.#.....#..# #
#####....#.#
#####>....


You could see Xiguana's ghost.

Vanquished Creatures
  A centaur skeleton (D:4)
  A hound skeleton (D:4)
  3 adders (D:2)
  2 leopard geckos
  3 orcs (D:3)
  3 bats
  A giant cockroach (D:1)
  4 goblins
  7 hobgoblins
  6 jackals (D:3)
  A quokka (D:2)
  A ball python (D:1)
  2 frilled lizards (D:1)
  2 kobolds
  7 rats
44 creatures vanquished.

Notes
Turn   | Place    | Note
-------+----------+-------------------------------------------
     0 | D:1      | Kosschaser the High Elf Arcane Marksman began the quest for the Orb.
     0 | D:1      | Reached XP level 1. HP: 13/13 MP: 3/3
   122 | D:1      | Reached XP level 2. HP: 18/18 MP: 4/4
   398 | D:1      | Reached skill level 3 in Bows
   889 | D:2      | Reached XP level 3. HP: 10/23 MP: 2/6
  1623 | D:2      | Found a faded altar of an unknown god.
  1882 | D:2      | Noticed Terence
  1973 | D:3      | Reached skill level 4 in Bows
  2015 | D:3      | Reached XP level 4. HP: 27/29 MP: 7/7
  2128 | D:3      | Learned a level 2 spell: Slow
  2405 | D:4      | Noticed Xiguana's ghost (amateur DrCK)
  2456 | D:4      | Slain by Xiguana's ghost

Skill      XL: |  1  2  3  4 |
---------------+-------------+-----
Bows           | 3 4 |  4.9
Fighting       | 2 |  2.1
Dodging        | |  2.7
Stealth        | |  0.5
Spellcasting   | |  1.4
Hexes          | |  3.4

Action                   |  1- 3 |  4- 6 || total
-------------------------+-------+-------++-------
Melee: Shortbow          |    46 |     2 ||    48
 Fire: Shortbow          |   116 |    50 ||   166
 Cast: Corona            |     7 |       ||     7
       Slow              |       |     7 ||     7
  Use: Scroll            |     5 |     2 ||     7
 Stab: Sleeping          |       |     1 ||     1
  Eat: Chunk             |     3 |     1 ||     4
Armor: Robe              |    10 |    14 ||    24
Dodge: Dodged            |    51 |    32 ||    83
